TOP OF THE 1ST |
Oceanside Swamp Foxes batting - Pitching for Roy Eagle Squadron : RHP Jesús Arredondo
|
Pitching: RHP Jesús Arredondo
|
|
Batting: LHB Joel Nelson
|
0-0: Called Strike Error on foul ball, E3 0-2: Strikes out looking
|
Batting: SHB Alberto Sandoval
|
0-0: Swinging Strike 0-1: Swinging Strike 0-2: Ball 1-2: Strikes out swinging
|
Batting: LHB Hamilton Hughes
|
0-0: Swinging Strike 0-1: Swinging Strike 0-2: Foul Ball, location: 2F 0-2: Fly out, F5 (Popup, 5S)
|
Top of the 1st over - 0 run(s), 0 hit(s), 1 error(s), 0 left on base; Oceanside 0 - Roy 0 |
BOTTOM OF THE 1ST |
Roy Eagle Squadron batting - Pitching for Oceanside Swamp Foxes : RHP Jorge Guillén
|
Pitching: RHP Jorge Guillén
|
|
Batting: RHB Ken Miller
|
0-0: Ball 1-0: Ball 2-0: SINGLE (Line Drive, 78S)
|
Batting: RHB José Vidal
|
0-0: Called Strike 0-1: Foul Ball, location: 2F 0-2: Ball 1-2: Strikes out swinging
|
Batting: RHB Tony Hernández
|
0-0: Called Strike 0-1: Ball 1-1: Ball 2-1: Foul Ball, location: 2F 2-2: Fly out, F4 (Popup, 3DF)
|
Batting: LHB Carlos Valentín
|
0-0: Swinging Strike 0-1: Ball 1-1: Ball 2-1: Foul Ball, location: 2F 2-2: Strikes out looking
|
Bottom of the 1st over - 0 run(s), 1 hit(s), 0 error(s), 1 left on base; Oceanside 0 - Roy 0 |
TOP OF THE 2ND |
Oceanside Swamp Foxes batting - Pitching for Roy Eagle Squadron : RHP Jesús Arredondo
|
Batting: SHB Tony Yan
|
0-0: Foul Ball, location: 2F 0-1: Swinging Strike 0-2: Ball 1-2: Strikes out swinging
|
Batting: RHB Rob Turner
|
0-0: Ball 1-0: Ball 2-0: Foul Ball, location: 2F 2-1: Ball 3-1: Base on Balls
|
Batting: SHB David Boyle
|
0-0: Ball 1-0: Swinging Strike 1-1: Called Strike 1-2: Ball 2-2: Grounds into double play, 3-6-3 (Groundball, 3)
|
Top of the 2nd over - 0 run(s), 0 hit(s), 0 error(s), 0 left on base; Oceanside 0 - Roy 0 |
BOTTOM OF THE 2ND |
Roy Eagle Squadron batting - Pitching for Oceanside Swamp Foxes : RHP Jorge Guillén
|
Batting: SHB Fernando Borges
|
0-0: Ball 1-0: Foul Ball, location: 2F 1-1: Called Strike 1-2: Ball 2-2: Ball 3-2: Strikes out swinging
|
Batting: RHB Ben Ware
|
0-0: Called Strike 0-1: Swinging Strike 0-2: Foul Ball, location: 2F 0-2: Ball 1-2: Strikes out swinging
|
Batting: LHB Miguel García
|
0-0: Called Strike 0-1: Ball 1-1: Foul Ball, location: 2F 1-2: Strikes out swinging
|
Bottom of the 2nd over - 0 run(s), 0 hit(s), 0 error(s), 0 left on base; Oceanside 0 - Roy 0 |
TOP OF THE 3RD |
Oceanside Swamp Foxes batting - Pitching for Roy Eagle Squadron : RHP Jesús Arredondo
|
Batting: RHB Carlos Sánchez
|
0-0: Ground out 1-3 (Groundball, 23)
|
Batting: LHB Luis Aragón
|
0-0: Ball 1-0: Fly out, F8 (Flyball, 8RM)
|
Batting: SHB Dale Winters
|
0-0: Fly out, F6 (Line Drive, 6M)
|
Top of the 3rd over - 0 run(s), 0 hit(s), 0 error(s), 0 left on base; Oceanside 0 - Roy 0 |
BOTTOM OF THE 3RD |
Roy Eagle Squadron batting - Pitching for Oceanside Swamp Foxes : RHP Jorge Guillén
|
Batting: RHB Chad Battle
|
0-0: Ball 1-0: Ground out 6-3 (Groundball, 6)
|
Batting: RHB Oliver Sánchez
|
0-0: Called Strike 0-1: Ball 1-1: Swinging Strike 1-2: Foul Ball, location: 2F 1-2: Strikes out swinging
|
Batting: RHB Ken Miller
|
0-0: Swinging Strike 0-1: Ball Reached via error on a dropped throw, E3
|
Batting: RHB José Vidal
|
0-0: Ball 1-0: Swinging Strike 1-1: Ball 2-1: Foul Ball, location: 2F 2-2: Ball 3-2: Fly out, F5 (Popup, 5F)
|
Bottom of the 3rd over - 0 run(s), 0 hit(s), 1 error(s), 1 left on base; Oceanside 0 - Roy 0 |
TOP OF THE 4TH |
Oceanside Swamp Foxes batting - Pitching for Roy Eagle Squadron : RHP Jesús Arredondo
|
Batting: LHB Joel Nelson
|
0-0: Ball 1-0: Ball 2-0: Ball 3-0: Foul Ball, location: 2F 3-1: Foul Ball, location: 2F 3-2: Foul Ball, location: 2F 3-2: Foul Ball, location: 2F 3-2: Strikes out swinging
|
Batting: SHB Alberto Sandoval
|
0-0: Foul Ball, location: 2F 0-1: Called Strike 0-2: Ball 1-2: Ball 2-2: Foul Ball, location: 2F 2-2: Ball 3-2: Foul Ball, location: 2F 3-2: SINGLE (Line Drive, 8RS)
|
Batting: LHB Hamilton Hughes
|
0-0: Ball 1-0: Called Strike 1-1: Foul Ball, location: 2F 1-2: Ball Alberto Sandoval is caught stealing 2nd base 2-2: Fly out, F6 (Popup, 6)
|
Top of the 4th over - 0 run(s), 1 hit(s), 0 error(s), 0 left on base; Oceanside 0 - Roy 0 |
BOTTOM OF THE 4TH |
Roy Eagle Squadron batting - Pitching for Oceanside Swamp Foxes : RHP Jorge Guillén
|
Batting: RHB Tony Hernández
|
0-0: Called Strike 0-1: Called Strike 0-2: Foul Ball, location: 2F 0-2: Ball 1-2: Strikes out swinging, 2-3 out at first.
|
Batting: LHB Carlos Valentín
|
0-0: Ground out 1-3 (Groundball, 25)
|
Batting: SHB Fernando Borges
|
0-0: SINGLE (Line Drive, 9S)
|
Batting: RHB Ben Ware
|
0-0: Called Strike 0-1: Ball 1-1: Ball Wild Pitch! Fernando Borges to second 2-1: SINGLE (Line Drive, 34D) Fernando Borges to third
|
Batting: LHB Miguel García
|
0-0: Ball 1-0: Called Strike 1-1: Called Strike Ben Ware steals 2nd base 1-2: Strikes out swinging
|
Bottom of the 4th over - 0 run(s), 2 hit(s), 0 error(s), 2 left on base; Oceanside 0 - Roy 0 |
TOP OF THE 5TH |
Oceanside Swamp Foxes batting - Pitching for Roy Eagle Squadron : RHP Jesús Arredondo
|
Batting: SHB Tony Yan
|
0-0: Ball 1-0: Ball 2-0: Called Strike 2-1: Called Strike 2-2: Strikes out swinging
|
Batting: RHB Rob Turner
|
0-0: Ball 1-0: Ground out 6-3 (Groundball, 6M)
|
Batting: SHB David Boyle
|
0-0: Bunt for hit - play at first, batter safe!
|
Batting: RHB Carlos Sánchez
|
0-0: Ball David Boyle is caught stealing 2nd base
|
Top of the 5th over - 0 run(s), 1 hit(s), 0 error(s), 0 left on base; Oceanside 0 - Roy 0 |
BOTTOM OF THE 5TH |
Roy Eagle Squadron batting - Pitching for Oceanside Swamp Foxes : RHP Jorge Guillén
|
Batting: RHB Chad Battle
|
0-0: Ball 1-0: Ball 2-0: Called Strike 2-1: Swinging Strike 2-2: Ball 3-2: Fly out, F2 (Popup, 2L)
|
Batting: RHB Oliver Sánchez
|
0-0: SINGLE (Groundball, 6MD) (infield hit)
|
Batting: RHB Ken Miller
|
0-0: Ball 1-0: SINGLE (Groundball, 56) Oliver Sánchez to second
|
Batting: RHB José Vidal
|
0-0: Fielders Choice at 2nd, 6-4 (Groundball, 6) Oliver Sánchez to third
|
Batting: RHB Tony Hernández
|
0-0: Ball 1-0: Ball 2-0: Ball 3-0: Called Strike 3-1: Base on Balls José Vidal to second
|
Batting: LHB Carlos Valentín
|
0-0: Ball 1-0: Foul Ball, location: 2F 1-1: Foul Ball, location: 2F 1-2: Foul Ball, location: 2F 1-2: Strikes out looking
|
Bottom of the 5th over - 0 run(s), 2 hit(s), 0 error(s), 3 left on base; Oceanside 0 - Roy 0 |
TOP OF THE 6TH |
Oceanside Swamp Foxes batting - Pitching for Roy Eagle Squadron : RHP Jesús Arredondo
|
Batting: RHB Carlos Sánchez
|
0-0: Ball 1-0: Ball 2-0: Ball 3-0: Called Strike 3-1: Base on Balls
|
Batting: LHB Luis Aragón
|
0-0: SINGLE (Line Drive, 56) Carlos Sánchez to second
|
Batting: SHB Dale Winters
|
0-0: Ball 1-0: Called Strike 1-1: Ball 2-1: Ball 3-1: Called Strike 3-2: Base on Balls Carlos Sánchez to third Luis Aragón to second
|
Batting: LHB Joel Nelson
|
0-0: Fly out, F7 (Flyball, 7LS)
|
Batting: SHB Alberto Sandoval
|
0-0: Ball 1-0: Called Strike 1-1: Foul Ball, location: 2F 1-2: Ball 2-2: Ball 3-2: Foul Ball, location: 2F 3-2: Strikes out swinging
|
Batting: LHB Hamilton Hughes
|
0-0: Called Strike 0-1: Foul Ball, location: 2F 0-2: Ball 1-2: Foul Ball, location: 2F 1-2: DOUBLE (Groundball, 3L) Carlos Sánchez scores Luis Aragón scores Dale Winters to third Runner from 3rd tries for Home, SAFE, no throw or cutoff
|
Pitching: RHP Elijah Justice
|
|
Batting: SHB Tony Yan
|
0-0: Called Strike 0-1: Swinging Strike 0-2: Ball 1-2: Ground out 5-3 (Groundball, 56S)
|
Top of the 6th over - 3 run(s), 2 hit(s), 0 error(s), 1 left on base; Oceanside 3 - Roy 0 |
BOTTOM OF THE 6TH |
Roy Eagle Squadron batting - Pitching for Oceanside Swamp Foxes : RHP Jorge Guillén
|
Pitching: LHP Lorenzo Guzmán
|
|
Batting: SHB Fernando Borges
|
0-0: Called Strike 0-1: Ball 1-1: Foul Ball, location: 2F 1-2: Ball 2-2: Fly out, F7 (Line Drive, 7S)
|
Batting: RHB Ben Ware
|
0-0: Ground out 5-3 (Groundball, 5S)
|
Batting: LHB Miguel García
|
0-0: Called Strike 0-1: Ground out 4-3 (Groundball, 4)
|
Bottom of the 6th over - 0 run(s), 0 hit(s), 0 error(s), 0 left on base; Oceanside 3 - Roy 0 |
TOP OF THE 7TH |
Oceanside Swamp Foxes batting - Pitching for Roy Eagle Squadron : RHP Elijah Justice
|
Batting: RHB Rob Turner
|
0-0: SINGLE (Groundball, 5D)
|
Batting: SHB David Boyle
|
0-0: Bunted foul 0-1: Ball 1-1: Sac Bunt - play at second, runner OUT! 1-6
|
Batting: RHB Carlos Sánchez
|
0-0: Fly out, F9 (Flyball, 9M)
|
Batting: LHB Luis Aragón
|
0-0: 2-RUN HOME RUN (Line Drive, 9D), Distance : 371 ft
|
Batting: SHB Dale Winters
|
0-0: Ball 1-0: Ball 2-0: Called Strike 2-1: Fly out, F4 (Popup, 4MD)
|
Top of the 7th over - 2 run(s), 2 hit(s), 0 error(s), 0 left on base; Oceanside 5 - Roy 0 |
BOTTOM OF THE 7TH |
Roy Eagle Squadron batting - Pitching for Oceanside Swamp Foxes : LHP Lorenzo Guzmán
|
Batting: RHB Chad Battle
|
0-0: SINGLE (Line Drive, 8LS)
|
Batting: RHB Oliver Sánchez
|
0-0: Called Strike 0-1: Foul Ball, location: 2F 0-2: Strikes out looking
|
Batting: RHB Ken Miller
|
0-0: Ball 1-0: Ball 2-0: Ball 3-0: Called Strike 3-1: Called Strike 3-2: Foul Ball, location: 2F 3-2: Base on Balls Chad Battle to second
|
Batting: RHB José Vidal
|
0-0: Ball 1-0: Ball 2-0: Fly out, F8 (Flyball, 8LM)
|
Batting: RHB Tony Hernández
|
0-0: Swinging Strike 0-1: Ball 1-1: Called Strike 1-2: Foul Ball, location: 2F 1-2: Fielders Choice at 2nd, 5-4 (Groundball, 56)
|
Bottom of the 7th over - 0 run(s), 1 hit(s), 0 error(s), 1 left on base; Oceanside 5 - Roy 0 |
TOP OF THE 8TH |
Oceanside Swamp Foxes batting - Pitching for Roy Eagle Squadron : RHP Elijah Justice
|
Batting: LHB Joel Nelson
|
0-0: Foul Ball, location: 2F 0-1: Ball 1-1: Called Strike 1-2: Foul Ball, location: 2F 1-2: Ball 2-2: Ground out 5-3 (Groundball, 15S)
|
Batting: SHB Alberto Sandoval
|
0-0: Called Strike 0-1: Foul Ball, location: 2F 0-2: Ball 1-2: Strikes out looking
|
Batting: LHB Hamilton Hughes
|
0-0: Called Strike 0-1: Ground out 6-3 (Groundball, 6)
|
Top of the 8th over - 0 run(s), 0 hit(s), 0 error(s), 0 left on base; Oceanside 5 - Roy 0 |
BOTTOM OF THE 8TH |
Roy Eagle Squadron batting - Pitching for Oceanside Swamp Foxes : LHP Lorenzo Guzmán
|
Batting: LHB Carlos Valentín
|
0-0: Called Strike 0-1: Swinging Strike 0-2: Strikes out swinging
|
Pitching: LHP Cedric Duncan
|
|
Batting: SHB Fernando Borges
|
0-0: Foul Ball, location: 2F 0-1: Ball 1-1: Ball 2-1: Foul Ball, location: 2F 2-2: Fly out, F8 (Flyball, 8LM)
|
Batting: RHB Ben Ware
|
0-0: Ball 1-0: Ball 2-0: Ball 3-0: Called Strike 3-1: Base on Balls
|
Batting: LHB Miguel García
|
0-0: Ball 1-0: Ground out 1-3 (Groundball, 13S)
|
Bottom of the 8th over - 0 run(s), 0 hit(s), 0 error(s), 1 left on base; Oceanside 5 - Roy 0 |
TOP OF THE 9TH |
Oceanside Swamp Foxes batting - Pitching for Roy Eagle Squadron : RHP Elijah Justice
|
Batting: SHB Tony Yan
|
0-0: Ball 1-0: Ball 2-0: Foul Ball, location: 2F 2-1: Foul Ball, location: 2F 2-2: TRIPLE (Flyball, 89D)
|
Batting: RHB Rob Turner
|
0-0: Fly out, F8 (Flyball, 8LXD) Runner from 3rd tags up, SCORES, no throw
|
Pitching: RHP Alan Mayes
|
|
Batting: SHB David Boyle
|
0-0: Called Strike 0-1: Ball 1-1: Called Strike 1-2: Ball 2-2: Ball 3-2: SINGLE (Line Drive, 7S)
|
Batting: RHB Carlos Sánchez
|
0-0: Ball 1-0: Swinging Strike 1-1: Called Strike David Boyle steals 2nd base 1-2: Ball 2-2: Ball 3-2: Foul Ball, location: 2F 3-2: Foul Ball, location: 2F 3-2: Foul Ball, location: 2F 3-2: Strikes out swinging
|
Batting: LHB Luis Aragón
|
0-0: Ball 1-0: Foul Ball, location: 2F 1-1: Foul Ball, location: 2F 1-2: Ball 2-2: Ground out 4-3 (Groundball, 4)
|
Top of the 9th over - 1 run(s), 2 hit(s), 0 error(s), 1 left on base; Oceanside 6 - Roy 0 |
BOTTOM OF THE 9TH |
Roy Eagle Squadron batting - Pitching for Oceanside Swamp Foxes : LHP Cedric Duncan
|
Batting: RHB Chad Battle
|
0-0: Ball 1-0: Ball 2-0: Fly out, F8 (Flyball, 8LS)
|
Batting: RHB Oliver Sánchez
|
0-0: Swinging Strike 0-1: Called Strike 0-2: Ball 1-2: Foul Ball, location: 2F 1-2: Strikes out swinging
|
Batting: RHB Ken Miller
|
0-0: Ball 1-0: Called Strike 1-1: Ball 2-1: SINGLE (Groundball, 56D) (infield hit)
|
Batting: RHB José Vidal
|
0-0: Ball 1-0: Fielders Choice at 2nd, U4 (Groundball, 4M)
|
Bottom of the 9th over - 0 run(s), 1 hit(s), 0 error(s), 1 left on base; Oceanside 6 - Roy 0 |
|